AoeStats
← steveroessler

Nomad

510726579Analyzed
4v4 RM · 23h ago on Oct 2, 2026· 47m 17s· 8 players
Game mode
Random Map
Map size
231×231
Population
200
Speed
Normal
Resources
Standard
Victory
Conquest
Starting age
Dark Age
Ending age
Imperial Age
RankedLock teamsTeams togetherTeam positionsShared explorationLock speedFull tech treeHidden civsTurbo modeCheats
Victory
Defeat
🇹🇼 Vietnamese · Taiwan
871
+17
🇮🇳 Varangians · India
869
+17
🇮🇳 Sicilians · India
820
+19
🇬🇧 Wu · United Kingdom
775
+20
🇩🇪 Persians · Germany
892
-19
🇦🇺 Franks · Australia
887
-18
🇩🇪 Varangians · Germany
886
-18
🇫🇷 Hindustanis · France
879
-18
findsarfaraz
4:17 Loom
16:26 Feudal Age
17:00 Double-Bit Axe
18:27 Fishing Lines
22:13 Castle Age
22:19 Bloodlines
23:08 Forging
23:12 Husbandry
30:18 Scale Mail Armor
31:18 Chain Mail Armor
34:00 Iron Casting
34:19 Wheelbarrow
36:07 Horse Collar
40:04 Gambesons
43:07 Imperial Age
40:53 Squires
44:21 Conscription
44:27 Gothikon
45:04 Arson
46:18 Bow Saw
46:10 Heavy Plow
RiSHisOm
4:12 Loom
14:45 Feudal Age
16:08 Wheelbarrow
16:23 Double-Bit Axe
16:48 Fishing Lines
18:24 Horse Collar
25:57 Castle Age
24:45 Scale Mail Armor
26:44 Forging
27:02 Hand Cart
26:42 Gillnets
29:08 Pikeman
29:48 Squires
29:34 Arson
30:07 Chain Mail Armor
31:08 Stone Mining
31:12 Gold Mining
32:43 Husbandry
39:08 Imperial Age
38:58 Bow Saw
39:47 Iron Casting
39:17 Heavy Plow
39:23 Halberdier
41:00 Gold Shaft Mining
46:45 Blast Furnace
46:15 Plate Mail Armor
47:16 Crop Rotation
46:48 Cavalier
Sagittal
10:41 Loom
15:39 Feudal Age
17:23 Wheelbarrow
18:06 Stone Mining
18:07 Double-Bit Axe
20:23 Castle Age
21:16 Bow Saw
28:23 Gold Mining
30:53 Hand Cart
30:50 Fletching
31:01 Padded Archer Armor
31:24 Horse Collar
32:54 Squires
32:39 Arson
35:41 Imperial Age
36:14 Heavy Plow
36:03 Elite Rattan Archer
38:45 Chatras
39:05 Forging
39:01 Scale Barding Armor
39:41 Husbandry
39:51 Bloodlines
45:17 Chain Barding Armor
45:32 Iron Casting
Monkey
4:50 Loom
15:25 Feudal Age
16:50 Wheelbarrow
16:03 Double-Bit Axe
16:26 Fishing Lines
21:06 Stone Mining
26:17 Castle Age
24:14 Fletching
25:02 Gold Mining
26:19 Horse Collar
26:22 Demolition Ship
27:15 Gillnets
26:53 Demolition Ship
28:55 Hand Cart
29:18 Gold Shaft Mining
29:19 Stone Shaft Mining
30:36 Bodkin Arrow
30:54 Medium Warships
33:27 Red Cliffs Tactics
36:45 Imperial Age
34:38 Bow Saw
35:15 Padded Archer Armor
41:30 Bracer
41:46 Leather Archer Armor
41:42 Forging
41:35 Heavy Demolition Ship
42:41 Heavy Warships
45:27 Ballistics
46:08 Chemistry
47:46 Murder Holes
steveroessler
4:46 Loom
15:26 Feudal Age
16:29 Fishing Lines
19:23 Double-Bit Axe
22:10 Castle Age
20:52 Stone Mining
22:11 Gold Mining
22:35 Forging
22:31 Scale Barding Armor
24:50 Chain Barding Armor
25:06 Iron Casting
26:17 Gillnets
28:07 Wheelbarrow
29:16 Bloodlines
29:19 Husbandry
32:28 Elite Skirmisher
35:46 Imperial Age
34:18 Horse Collar
34:33 Fletching
34:43 Padded Archer Armor
37:10 Blast Furnace
37:32 Conscription
38:09 Thumb Ring
38:57 Plate Barding Armor
39:52 Elite War Elephant
42:11 Leather Archer Armor
42:15 Bodkin Arrow
43:10 Medium Warships
46:41 Ring Archer Armor
Syrus637
4:19 Loom
15:02 Feudal Age
19:01 Castle Age
26:15 Wheelbarrow
26:30 Bloodlines
29:06 Horse Collar
29:38 Double-Bit Axe
31:19 Scale Barding Armor
32:09 Husbandry
40:19 Imperial Age
38:32 Ballistics
39:23 Hand Cart
38:56 Town Watch
41:07 Careening
42:06 Chemistry
Laymer #rehab
10:58 Loom
13:16 Feudal Age
15:59 Double-Bit Axe
23:02 Castle Age
35:12 Husbandry
42:31 Scale Mail Armor
Therealjammo
5:44 Loom
18:50 Feudal Age
20:17 Man-at-Arms
27:24 Wheelbarrow
30:04 Castle Age
39:08 Fishing Lines
40:42 Hand Cart
40:21 Double-Bit Axe
Connection lost

Rejoining the realm…

Still unreachable

The connection could not be restored.

Session expired

The server has moved on; the page needs a fresh start.